 Dungeon Crawl Stone Soup version 0.29-a0-284-gf9362112df (webtiles) character file.

Game seed: 13969463702447066364

2 gzilladon the Grave Robber (level 1, 0/13 HPs)
             Began as a Mummy Necromancer on Mar 25, 2022.
             Slain by a ball python (2 damage)
             ... on level 1 of the Dungeon.
             The game lasted 00:01:09 (127 turns).

gzilladon the Grave Robber (Mummy Necromancer)       Turns: 127, Time: 00:01:10

Health: 0/13       AC:  2    Str: 11    XL:     1   Next: 33%
Magic:  4/4        EV:  9    Int: 14    God:
Gold:   8          SH:  0    Dex: 12    Spells: 3/5 levels left

rFire   x . .      SeeInvis .   c - +0 whip
rCold   + . .      Faith    .   (no shield)
rNeg    + + +      Spirit   .   a - +0 robe
rPois   ∞          Reflect  .   (no helmet)
rElec   .          Harm     .   (no cloak)
rCorr   .          Rampage  .   (no gloves)
Will    .....                   (no boots)
Stlth   ++........              (no amulet)
HPRegen 0.04/turn               (no ring)
MPRegen 0.09/turn               (no ring)

@: constricted
A: cold resistance 1, negative energy resistance 3, torment resistance 2, heat
vulnerability 1, no potions
a: no special abilities


You were on level 1 of the Dungeon.
You visited 1 branch of the dungeon, and saw 2 of its levels.

You collected 8 gold pieces.

Inventory:

Hand Weapons
 c - a +0 whip (weapon)
Armour
 a - a +0 robe (worn)
Scrolls
 b - a scroll of teleportation {unknown}
 d - a scroll of enchant weapon {unknown}


   Skills:
 + Level 1.5 Dodging
 + Level 1.6 Stealth
 + Level 2.7 Spellcasting
 + Level 4.0 Necromancy


You had 3 spell levels left.
You knew the following spells:

 Your Spells              Type           Power      Damage    Failure   Level
a - Pain                  Necr           52%        1d6       4%          1
b - Animate Skeleton      Necr           26%        N/A       4%          1

Your spell library contained the following spells:

 Spells                   Type           Power      Damage    Failure   Level
 Vampiric Draining        Necr           13%        2d6       12%         3
 Animate Dead             Necr           6%         N/A       38%         4
 Agony                    Necr           13%        N/A       75%         5


Dungeon Overview and Level Annotations

Branches:
Dungeon (2/15)

Altars:


Innate Abilities, Weirdness & Mutations

You are immune to poison.
Your flesh is cold resistant. (rC+)
You are immune to negative energy. (rN+++)
You are immune to unholy pain and torment.
You are vulnerable to heat. (rF-)
You do not drink.


Message History

You hit the bat.
You kill the bat!
Casting: Animate Skeleton (safe; 4% risk of failure)
Confirm with . or Enter, or press ? or * to list all spells.
You attempt to give life to the dead...
Before your eyes, flesh is ripped from the corpse!
The dead are flying!
You swap places.
Found a stone staircase leading down.
A sourceless malevolence fills the Dungeon...
You fall into a shaft and drop 1 floor!
The shaft crumbles and collapses.
Found a hunting sling.
Found a stone staircase leading down.
Found 8 gold pieces.
Found a stone staircase leading down.
Found a stone staircase leading up.
You now have 8 gold pieces.
There is a stone staircase leading up here.
You climb upwards.
The endoplasm quivers. x2
The ball python hisses angrily.
Found 10 gold pieces and 19 stones.
There is a stone staircase leading down here.
The ball python misses you. The ball python grabs you.
The ball python constricts you.
You closely miss the ball python. The ball python bites you.
The ball python constricts you. The endoplasm hits you.
You closely miss the ball python. The ball python bites you.
The ball python constricts you. The endoplasm freezes you.
You are frozen.
You resist. The endoplasm freezes you.
You are frozen.
You resist. The ball python barely misses you. The ball python constricts you.
You closely miss the ball python. The endoplasm misses you.
The endoplasm hits you.
* * * LOW HITPOINT WARNING * * *
The ball python bites you.
You die...

..# ..#
##........##
..#
#..........#
..#
#..........#
..#
#..........#
..#
#..........#
..#
#..........#
..#
###...J....##
..#
#.$.S@>.....#
.##
#......J......#
.#
..............#
##
###...........#
#
.............#
#####........##
##....(.##
##.#####


You could see 2 endoplasms and a ball python.

Vanquished Creatures
  2 bats (D:1)
  A frilled lizard (D:1)
  A kobold (D:1)
4 creatures vanquished.

Notes
Turn   | Place    | Note
-------+----------+-------------------------------------------
     0 | D:1      | gzilladon the Mummy Necromancer began the quest for the
                  | Orb.
     0 | D:1      | Reached XP level 1. HP: 13/13 MP: 4/4
    30 | D:1      | Learned a level 1 spell: Animate Skeleton
    86 | D:1      | You fall into a shaft and drop 1 floor!
   127 | D:1      | Slain by a ball python

Illustrated notes

Levels and vault maps discovered:
D:1:      co_arrival_hall_of_pillars, layout_rooms,
          shapermc_ecumenical_altar_notcrosses
D:2:      layout_loops_ring, uniq_natasha, uniq_robin, uniq_sigmund

Action                   || total
-------------------------++-------
Melee: Whip              ||     7
       Unarmed           ||     1
 Cast: Animate Skeleton  ||     2
 Stab: Sleeping          ||     1
Dodge: Dodged            ||     6

Table legend: (Time is in decaauts)
 A = Elapsed time spent in this place.
 B = Non-inter-level travel time spent in this place.
 C = Inter-level travel time spent in this place.
 D = Time resting spent in this place.
 E = Time spent auto-exploring this place.
 F = Levels seen in this place.
 G = Mean time per level.
                   A        B        C        D        E       F      G
               +--------+--------+--------+--------+--------+-----+--------+
         Total |    127 |    127 |      0 |      0 |      0 |   2 |   63.5 |
       Dungeon |    127 |    127 |      0 |      0 |      0 |   2 |   63.5 |
               +--------+--------+--------+--------+--------+-----+--------+

Top non-repeatable levels by time:
     D:1: 90 daAuts
     D:2: 36 daAuts
